[Event "Early-Titled-Tuesday-Blitz-May-07-2024"]
[Site "Chess.com"]
[Date "2024.05.07"]
[Round "2"]
[White "ChessQueen"]
[Black "Antosha_Chekhonte"]
[Result "1-0"]
[WhiteElo "2817"]
[BlackElo "2558"]
[TimeControl "180+1"]
[EndTime "8:20:06 PDT"]
[Termination "ChessQueen won on time"]

1. Nf3 Nf6 2. g3 d5 3. Bg2 c6 4. O-O Bg4 5. Ne5 Bh5 6. f4 Nbd7 7. h3 Nxe5 8. fxe5 Nd7 9. d4 e6 10. c3 Be7 11. Nd2 O-O 12. Qe1 f5 13. exf6 Bxf6 14.
e4 Bg5 15. e5 Qe7 16. g4 Bg6 17. Nf3 Bf4 18. Bxf4 Rxf4 19. Qg3 Raf8 20. Nh4 Rxf1+ 21.
Rxf1 Rxf1+ 22. Bxf1 Nf8 23. Ng2 Be4 24. h4 c5 25. h5 h6 26. Qe3 cxd4 27. cxd4 Nh7 28. Nf4 Qh4 29. Qh3 Qe1 30. Nxe6 Qd2 31. Qc3 Qxc3 32. bxc3 Kf7 33. Nd8+ Ke7 34. Nxb7 Ng5 35.
Kf2 Ne6 36. Nd6 Kd7 37. Nxe4 dxe4 38. Ke3 Ng5 39. d5 Ke7 40. Bc4 Kd7 41. Kf4 1-0

[Event "Early-Titled-Tuesday-Blitz-May-07-2024"]
[Site "Chess.com"]
[Date "2024.05.07"]
[Round "2"]
[White "CrushingKings"]
[Black "IndianSchoolOfSuffering"]
[Result "0-1"]
[WhiteElo "2640"]
[BlackElo "2392"]
[TimeControl "180+1"]
[EndTime "8:20:06 PDT"]
[Termination "IndianSchoolOfSuffering won on time"]

1. Nf3 d5 2. g3 Nf6 3. Bg2 Bf5 4.
O-O e6 5. d3 c6 6. Nh4 Bg4 7. h3 Bh5 8. g4 Nfd7 9. Nf3 Bg6 10. c4 Bd6 11. Nc3 Ne5 12. Nxe5 Bxe5 13. d4 Bd6 14. e4 dxe4 15. Nxe4 Be7 16. Bf4 O-O 17.
Qd2 Nd7 18. Rad1 Nf6 19. Ng3 Qb6 20. a3 Rad8 21. Qc3 Rd7 22. Rd2 Rfd8 23. Rfd1 a5 24. Be5 a4 25. Kh1 Qb3 26. f4 Qxc3 27. bxc3 Ne8 28.
f5 exf5 29. gxf5 f6 30. fxg6 fxe5 31. gxh7+ Kxh7 32. d5 Nf6 33. Ne4 Bxa3 34. Nxf6+ gxf6 35. Be4+ Kh6 36. Ra2 cxd5 37. cxd5 Bc5 38. Rxa4 f5 39. Bxf5 Rxd5 40. Rxd5 Rxd5 41. Kg2 Rd2+ 42. Kf3 Kg5 43. Bg4 Rd3+ 44. Ke4 Re3+ 45. Kd5 Rxc3 46. Ra8 Bd4 0-1

[Event "Early-Titled-Tuesday-Blitz-May-07-2024"]
[Site "Chess.com"]
[Date "2024.05.07"]
[Round "2"]
[White "sudtirolese06"]
[Black "juancruzarias"]
[Result "0-1"]
[WhiteElo "2424"]
[BlackElo "2712"]
[TimeControl "180+1"]
[EndTime "8:20:07 PDT"]
[Termination "juancruzarias won by checkmate"]

1. g3 d5 2. Bg2 c5 3. d3 Nc6 4. Nf3 e5 5. O-O Be7 6. e4 d4 7.
a4 h5 8. Na3 h4 9. Nc4 hxg3 10.
fxg3 Qc7 11. c3 Be6 12. cxd4 cxd4 13. b3 Bxc4 14. bxc4 Nf6 15. Bd2 Nd7 16. a5 Nc5 17. a6 b6 18. Ng5 Bxg5 19. Bxg5 f6 20. Bc1 Nb4 21. Rf3 Nbxa6 22. Ba3 Nb8 23. h4 Nc6 24. Bxc5 bxc5 25. Qa4 O-O 26. Bh3 Qd6 27. Bf5 Ne7 28. Qd1 Nxf5 29. Rxf5 g6 30. Qg4 Kh7 31. h5 gxf5 32.
Qxf5+ Kh8 33. Qg6 Qe7 34. Kf2 a5 35. Rb1 a4 36. Ra1 a3 37. Kf3 a2 38. Qf5 Qh7 39.
Qh3 f5 40. Kg2 fxe4 41. Qe6 exd3 42. Qxe5+ Qg7 43. Qd6 Rfe8 44. Qc6 Re2+ 45. Kh3 Rg8 46. Qf3 Qd7+ 47. Kh4 Rh2# 0-1

[Event "Early-Titled-Tuesday-Blitz-May-07-2024"]
[Site "Chess.com"]
[Date "2024.05.07"]
[Round "2"]
[White "Kostya0705"]
[Black "stepanosinovsky"]
[Result "1-0"]
[WhiteElo "2529"]
[BlackElo "2322"]
[TimeControl "180+1"]
[EndTime "8:20:07 PDT"]
[Termination "Kostya0705 won on time"]

1. e4 e5 2. Nf3 Nc6 3. Bc4 Nf6 4. d4 exd4 5. e5 Ne4 6. O-O d5 7. Bb5 Bc5 8. Nxd4 O-O 9. Bxc6 bxc6 10. Be3 Qe8 11.
f4 f6 12. exf6 Rxf6 13. Re1 Qg6 14. Nc3 Bh3 15. Qf3 Bg4 16. Qf1 Re8 17. Kh1 Qh6 18. Nxe4 Rxe4 19. c3 Bd6 20. g3 c5 21. Nc2 Qg6 22. Rac1 Bf5 23. Qf2 Rfe6 24. Na3 Qh5 25. Nb5 d4 26. cxd4 cxd4 27. Nxd4 Re8 28. Nxf5 Qxf5 29. Bxa7 Qd5 30. Rxe4 Rxe4 31. Kg1 c5 32. Re1 Rxe1+ 33. Qxe1 h6 34. a3 Kh7 35. Qc3 h5 36. b4 cxb4 37. axb4 1-0

[Event "Early-Titled-Tuesday-Blitz-May-07-2024"]
[Site "Chess.com"]
[Date "2024.05.07"]
[Round "2"]
[White "NajdorfPlayerc5"]
[Black "cthake"]
[Result "1-0"]
[WhiteElo "2424"]
[BlackElo "1864"]
[TimeControl "180+1"]
[EndTime "8:20:08 PDT"]
[Termination "NajdorfPlayerc5 won by checkmate"]

1. e4 e6 2. d4 d5 3. Nc3 Bb4 4. e5 Qd7 5. a3 Bf8 6. f4 Ne7 7. Nf3 h5 8. Bd3 g6 9. Be3 Nf5 10. Bf2 b6 11. Qd2 Bb7 12. O-O-O Nc6 13. h3 O-O-O 14. g4 hxg4 15. hxg4 Rxh1 16. Rxh1 Nfe7 17. Bh4 Re8 18. Ne2 Ng8 19. Bg5 Be7 20. c3 Bxg5 21. Nxg5 Na5 22. Kb1 Nc4 23. Bxc4 dxc4 24. Rh7 Rf8 25.
Ng3 a5 26. Qf2 Kb8 27. f5 gxf5 28. gxf5 exf5 29. Qxf5 Qxf5+ 30. Nxf5 f6 31. Ne6 Rc8 32. Kc1 fxe5 33. dxe5 Be4 34. Rh5 b5 35. Ned4 Kb7 36. e6 c6 37. e7 Re8 38. Rh7 Nf6 39. Nd6+ Kc7 40. Nxe8+ Kd7 41. Nxf6+ Kd6 42. e8=Q Kc5 43. Qe7+ Kb6 44. Qa7# 1-0

[Event "Early-Titled-Tuesday-Blitz-May-07-2024"]
[Site "Chess.com"]
[Date "2024.05.07"]
[Round "2"]
[White "ccccvhhhj"]
[Black "jamengrand"]
[Result "1-0"]
[WhiteElo "2475"]
[BlackElo "2177"]
[TimeControl "180+1"]
[EndTime "8:20:09 PDT"]
[Termination "ccccvhhhj won on time"]

1. e4 e5 2. Nf3 Nc6 3. d4 exd4 4. Nxd4 Nf6 5. Bb5 Bc5 6. Nb3 Be7 7. Nc3 O-O 8. Be3 d6 9. O-O Ng4 10. Bf4 Nge5 11.
Be2 f5 12. exf5 Bxf5 13. Bg3 Bh4 14. Nd4 Nxd4 15. Qxd4 Bxg3 16. hxg3 Bxc2 17. Nd5 c6 18.
Nf4 Bf5 19. Rad1 Nf7 20. Bd3 Bc8 21. Bb1 d5 22. Qd3 Ng5 23. Qb3 Qb6 24. Qc3 Bg4 25.
Rde1 Rae8 26. Re5 Nf7 27. Ree1 Nd6 28. b3 a5 29. Qd3 Bf5 30. Qd1 Be4 31. Qg4 Qc7 32.
f3 Bf5 33. Bxf5 Rxe1 34. Bxh7+ Kxh7 35. Rxe1 1-0

[Event "Early-Titled-Tuesday-Blitz-May-07-2024"]
[Site "Chess.com"]
[Date "2024.05.07"]
[Round "2"]
[White "KogotBobra17"]
[Black "tusplingher"]
[Result "0-1"]
[WhiteElo "2737"]
[BlackElo "2560"]
[TimeControl "180+1"]
[EndTime "8:20:10 PDT"]
[Termination "tusplingher won by resignation"]

1. e4 c5 2. Nf3 d6 3. d4 Nf6 4. Nc3 cxd4 5. Qxd4 Nc6 6. Bb5 Bd7 7. Bxc6 Bxc6 8. Bg5 e6 9. O-O-O Be7 10. Qd3 Ng4 11. Bxe7 Qxe7 12. Qe2 O-O-O 13. Nd4 Ne5 14. f4 Ng6 15. g3 e5 16. Nf5 Qf8 17. Rhf1 Kb8 18. h4 exf4 19. gxf4 Bd7 20. Nxd6 Bh3 21. e5 Bxf1 22.
Qxf1 Rd7 23. h5 Ne7 24. Qb5 Nc6 25. Nce4 a6 26. Qb3 Ka8 27. Nc5 Rc7 28. Ndxb7 Na5 29. Qb6 Nxb7 30. Qxa6+ Kb8 31. Nd7+ Rxd7 32. Rxd7 Qb4 33.
c3 Qxf4+ 34. Kc2 Qe4+ 35. Kb3 Nc5+ 36. Ka3 Nxa6 37. Rd4 Qc6 38. Rd6 Qc5+ 39. Kb3 Qxe5 40. Rxa6 Qb5+ 0-1

[Event "Early-Titled-Tuesday-Blitz-May-07-2024"]
[Site "Chess.com"]
[Date "2024.05.07"]
[Round "2"]
[White "KnightDuta"]
[Black "kecalk"]
[Result "1-0"]
[WhiteElo "2744"]
[BlackElo "2537"]
[TimeControl "180+1"]
[EndTime "8:20:10 PDT"]
[Termination "KnightDuta won by resignation"]

1. e4 c5 2. Nf3 Nc6 3. d4 cxd4 4. Nxd4 Nf6 5. Nc3 e5 6. Ndb5 d6 7. Bg5 a6 8. Na3 b5 9. Nd5 Be7 10. Bxf6 Bxf6 11. c3 Rb8 12. Nc2 Bg5 13. a4 bxa4 14. Ncb4 Nxb4 15. cxb4 O-O 16. Rxa4 a5 17. h4 Bh6 18. b5 Bd7 19. Nc3 d5 20. exd5 f5 21.
d6 Be6 22. Bc4 Rf6 23. d7 Bxc4 24. Rxc4 Rf7 25. Qd6 Rxd7 26. Qe6+ Rf7 27. O-O Qe7 28. Rc8+ Rxc8 29. Qxc8+ Rf8 30. Qc4+ Kh8 31. b6 e4 32.
Nd5 Qb7 33. Rd1 Rc8 34. Ne7 Rb8 35. Qc7 g5 36. Rd8+ Rxd8 37. Qxb7 gxh4 38. Nd5 h3 39. gxh3 f4 40. Qc6 Bg7 41. b7 Be5 42. Qe6 1-0

[Event "Early-Titled-Tuesday-Blitz-May-07-2024"]
[Site "Chess.com"]
[Date "2024.05.07"]
[Round "2"]
[White "The_Machine04"]
[Black "GrotBchess"]
[Result "0-1"]
[WhiteElo "2763"]
[BlackElo "2471"]
[TimeControl "180+1"]
[EndTime "8:20:10 PDT"]
[Termination "GrotBchess won by checkmate"]

1. d4 Nf6 2. Nf3 e6 3. Nbd2 d5 4. e3 c5 5. c3 Bd6 6. Bd3 Qc7 7. O-O Nbd7 8. e4 dxe4 9. Nxe4 Nxe4 10. Bxe4 Nf6 11.
Bc2 b6 12. Bg5 Bb7 13. h3 Be7 14. dxc5 Qxc5 15. Be3 Qc7 16. Ba4+ Bc6 17. Bf4 Qb7 18. Ne5 Bxa4 19. Qxa4+ b5 20. Qb3 O-O 21. a4 b4 22. c4 a5 23. Qf3 Qxf3 24. Nxf3 Rfd8 25. Rfd1 Rac8 26. b3 Ne4 27. Be3 Bf6 28. Rac1 Nc3 29. Rxd8+ Rxd8 30. Kf1 g6 31. g4 Kf8 32. Bb6 Ra8 33.
Rc2 Ke7 34. Rd2 Ne4 35. Rd3 Ke8 36. Nd2 Nc3 37. Nf3 Ne4 38. Ke2 Nc3+ 39. Ke3 Ra6 40. c5 Nd5+ 41. Ke4 Nxb6 42. Rd6 Bd8 43. Nd4 Nd7 44.
Rxa6 Nxc5+ 45. Ke5 Nxa6 46. Kd6 Be7+ 47. Kc6 Nc5 48.
Kb5 e5 49. Nc6 Nxb3 50. Nxe5 Nd4+ 51. Kxa5 b3 52. Nd3 Ba3 53. Kb6 b2 54. Nxb2 Bxb2 55.
a5 Ne6 56. a6 Bd4+ 57. Kc6 Bxf2 58. Kd5 Ke7 59. Ke5 h5 60. gxh5 gxh5 61. Kf5 h4 62.
Kg4 Kf6 63. Kh5 Ke5 64. Kg4 f5+ 65. Kh5 f4 66. Kg4 Ke4 67. a7 Bxa7 68. Kxh4 f3 69. Kg3 f2 70. Kg2 Nf4+ 71. Kf1 Kf3 72. h4 Ne2 73. h5 Ng3# 0-1

[Event "Early-Titled-Tuesday-Blitz-May-07-2024"]
[Site "Chess.com"]
[Date "2024.05.07"]
[Round "2"]
[White "Sjakkerntobi"]
[Black "Louis-Paulsen-Fan"]
[Result "1/2-1/2"]
[WhiteElo "2534"]
[BlackElo "2352"]
[TimeControl "180+1"]
[EndTime "8:20:10 PDT"]
[Termination "Game drawn by repetition"]

1. e4 Nf6 2. e5 Nd5 3. Nc3 Nxc3 4.
dxc3 d6 5. Nf3 Nc6 6. Bf4 dxe5 7. Qxd8+ Nxd8 8. Nxe5 f6 9. Nf3 e5 10. Be3 Be6 11.
O-O-O Be7 12. Be2 Nf7 13. h4 Nd6 14. h5 Nc4 15. Bxc4 Bxc4 16. Nd2 Bd5 17. c4 Bc6 18. f3 Kf7 19. Nb3 b6 20. Nd2 Rad8 21. Ne4 h6 22.
Nc3 Ke6 23. Rd3 Rxd3 24. cxd3 Rd8 25. Rd1 f5 26. d4 exd4 27. Bxd4 Bf6 28. Be3 Rxd1+ 29.
Nxd1 Be8 30. g4 fxg4 31. fxg4 Bg5 32. Kd2 Ke5 33. Nf2 Bd7 34. Bxg5 hxg5 35. Ke3 Be6 36. b3 c5 37. Nd3+ Kf6 38. Kf3 Bd7 39. Nf2 Bc6+ 40.
Ke3 Ke5 41. Nd3+ Kf6 42. a3 a5 43. Nf2 Ke5 44. Nd3+ Kf6 45. Nf2 Ke5 46. Nh3 Kf6 47. Ng1 Bd7 48. Kf3 Ke5 49. Ne2 Bc6+ 50. Ke3 Bd7 51. Kf3 Bc6+ 52. Ke3 Bd7 53. Kf3 1/2-1/2

[Event "Early-Titled-Tuesday-Blitz-May-07-2024"]
[Site "Chess.com"]
[Date "2024.05.07"]
[Round "2"]
[White "briesmas"]
[Black "Kotofeyca"]
[Result "0-1"]
[WhiteElo "2281"]
[BlackElo "2511"]
[TimeControl "180+1"]
[EndTime "8:20:10 PDT"]
[Termination "Kotofeyca won by resignation"]

1. e4 c5 2. Nf3 d6 3. d4 cxd4 4.
Nxd4 Nf6 5. Nc3 a6 6. Be3 Ng4 7. Bc1 Nc6 8. f3 Qb6 9. Nd5 Qxd4 10. Qxd4 Nxd4 11. fxg4 Nxc2+ 12. Kd1 Nxa1 13. Nc7+ Kd8 14. Nxa8 Bxg4+ 15. Be2 Bxe2+ 16. Kxe2 Nc2 17. Bd2 Nd4+ 18. Kd3 Nc6 19. Rf1 e6 20. Bc3 f6 21. Rxf6 gxf6 22. Bxf6+ Kc8 23. Bxh8 b5 24. Nb6+ Kc7 25.
Nd5+ exd5 26. exd5 Nb4+ 27. Ke4 Nxa2 28. Kf5 Kd7 29.
g4 Nb4 30. Ke4 Be7 31. Bc3 a5 32. Bd2 Bh4 33. g5 Ke7 34. Kf5 Bf2 35. Kg4 Bb6 36.
h4 Nxd5 37. Kf5 Kf7 38. h5 Ne7+ 39. Kg4 a4 40. Bc3 Bc5 41. Kf3 b4 42. Bd2 a3 43.
bxa3 bxa3 44. Bc3 Nf5 45. Ke4 Bd4 46. Bb4 a2 47. Kxf5 a1=Q 48. g6+ hxg6+ 49. hxg6+ Kg8 50. Ke6 Be5 0-1

[Event "Early-Titled-Tuesday-Blitz-May-07-2024"]
[Site "Chess.com"]
[Date "2024.05.07"]
[Round "2"]
[White "CarlosjPineror"]
[Black "Daaksboy"]
[Result "1/2-1/2"]
[WhiteElo "2721"]
[BlackElo "2475"]
[TimeControl "180+1"]
[EndTime "8:20:11 PDT"]
[Termination "Game drawn by repetition"]

1. e4 c5 2. Ne2 g6 3. g3 Bg7 4. Bg2 Nc6 5. O-O e6 6. c3 d5 7. exd5 exd5 8. d4 cxd4 9. Nxd4 Nxd4 10. cxd4 Ne7 11. Nc3 O-O 12. Bg5 Be6 13. Re1 Re8 14. Qb3 Bxd4 15. Rad1 Bb6 16. Ne4 dxe4 17. Rxd8 Bxb3 18.
Rxa8 Rxa8 19. Bxe7 Bd5 20. Rd1 Re8 21. Rxd5 Rxe7 22. Kf1 e3 23. fxe3 Bxe3 24. Rd8+ Kg7 25. Rb8 b6 26. Rb7 Rxb7 27. Bxb7 Bd4 28. b3 Kf6 29. Kg2 Ke5 30. Ba6 Bc5 31. Bc4 f5 32. Kf3 Be7 33. h3 h6 34. g4 fxg4+ 35. hxg4 Bg5 36.
Bf7 Kf6 37. Bc4 h5 38. gxh5 gxh5 39. Kg2 Ke5 40. Kh3 Kd4 41. Bf7 h4 42. a4 Be7 43.
Bg8 Kc3 44. Bf7 Kb4 45. Bg8 Ka3 46. Bf7 Kb2 47. Bg8 Bd8 48. Bf7 Kc3 49. Bg8 Kd4 50.
Bf7 Kc5 51. Bg8 Kd6 52. Bf7 Ke7 53. Bc4 Kd6 54. Bd3 Kd5 55. Bc4+ Kc5 56. Bg8 Kd6 57. Bf7 Ke7 58. Bg8 Kf8 59. Bc4 Kg7 60. Bd3 Kh6 61. Bc4 Kg5 62. Bd3 Kf4 63. Bc4 Ke3 64. Bg8 Kd2 65. Bf7 Kc3 66. Bg8 Kb2 67.
Bf7 Ka3 68. Bg8 Kb4 69. Bf7 Kc3 1/2-1/2

[Event "Early-Titled-Tuesday-Blitz-May-07-2024"]
[Site "Chess.com"]
[Date "2024.05.07"]
[Round "2"]
[White "Chessbard1972"]
[Black "yobdc"]
[Result "1-0"]
[WhiteElo "2352"]
[BlackElo "2522"]
[TimeControl "180+1"]
[EndTime "8:20:12 PDT"]
[Termination "Chessbard1972 won on time"]

1. e4 c6 2. d4 d5 3. Nd2 dxe4 4. Nxe4 Nf6 5. Nxf6+ exf6 6. c3 Bd6 7. Bd3 O-O 8. Qc2 Re8+ 9. Ne2 h5 10. O-O h4 11. h3 Nd7 12. Bf4 Nf8 13. Bxd6 Qxd6 14. Rfe1 g5 15. Rad1 Kg7 16. Bf5 Ng6 17. Bxc8 Raxc8 18. Qf5 Rc7 19. Nc1 Rce7 20. Nd3 b6 21. Rxe7 Nxe7 22. Qf3 Ng6 23. Re1 Rxe1+ 24. Nxe1 Qe6 25. Nd3 Qxa2 26. Kh2 Qe6 27. Nb4 c5 28. dxc5 bxc5 29. Nd5 Qe5+ 30. Kg1 f5 31. Ne3 f4 32. Nc4 Qe1+ 33. Kh2 Qe6 34. b3 Ne5 35. Nxe5 Qxe5 36. c4 a5 37. Kg1 Qd4 38. Kh2 a4 39. bxa4 Qxc4 40. a5 Qa2 41. Qc3+ f6 42. Qxc5 f3 43. gxf3 Qe2 44. Kg2 Kg6 45. Qc8 1-0

[Event "Early-Titled-Tuesday-Blitz-May-07-2024"]
[Site "Chess.com"]
[Date "2024.05.07"]
[Round "2"]
[White "N18player"]
[Black "SchmakAttack"]
[Result "0-1"]
[WhiteElo "2546"]
[BlackElo "2776"]
[TimeControl "180+1"]
[EndTime "8:20:13 PDT"]
[Termination "SchmakAttack won by resignation"]

1. Nf3 d5 2. c4 d4 3. e3 c5 4. b4 Nf6 5. bxc5 Nc6 6. exd4 Nxd4 7. Nc3 e5 8. Be2 Bxc5 9. O-O O-O 10. Nxe5 Re8 11.
Nf3 Nxe2+ 12. Nxe2 Qd3 13. Nf4 Qxc4 14. d4 Bd6 15. Ne5 Bxe5 16. dxe5 Rxe5 17. Rb1 b6 18. Bb2 Qxf4 19. Bxe5 Qxe5 20. Re1 Qc7 21. Rc1 Qd7 22. Qf3 Bb7 23. Qg3 Nd5 24. h4 h6 25. Re5 Re8 26. h5 f6 27. Rxe8+ Qxe8 28. Qg4 Qe7 29. Rd1 Qf7 30. Re1 f5 31. Qf3 Bc8 32. Re5 Be6 33. Qe2 Nc7 34. a3 Qe7 35. Qe3 Qd6 36. Qf4 Nd5 37.
Qe3 Nxe3 38. Rxe3 Qd1+ 39. Kh2 Qxh5+ 40. Kg1 Qf7 41. Kh2 f4 42. Rg3 fxg3+ 0-1

[Event "Early-Titled-Tuesday-Blitz-May-07-2024"]
[Site "Chess.com"]
[Date "2024.05.07"]
[Round "2"]
[White "giovannibrandao7"]
[Black "LoaySameer"]
[Result "0-1"]
[WhiteElo "2299"]
[BlackElo "2518"]
[TimeControl "180+1"]
[EndTime "8:20:13 PDT"]
[Termination "LoaySameer won by checkmate"]

1. e4 g6 2. d4 Bg7 3. Nc3 d6 4. f4 Nc6 5. Nf3 Bg4 6. Be3 Bxf3 7. gxf3 d5 8. Bb5 e6 9. Qd2 Ne7 10. O-O-O a6 11. Bxc6+ Nxc6 12. h4 h5 13. f5 gxf5 14. exf5 exf5 15. Bg5 f6 16. Rde1+ Kf7 17. Bf4 Ne7 18.
Rhg1 Ng6 19. Qg2 Rh6 20. Bxh6 Bxh6+ 21. Kb1 Nf4 22. Qh2 Qd6 23. Ne2 Nxe2 24. Qxe2 f4 25. Qg2 f5 26. Re5 Qf6 27. Rxd5 Re8 28. Qh3 Ke6 29. Rxf5 Qxf5 30. Re1+ Kf6 31. Qxf5+ Kxf5 32. Rxe8 Bg7 33. Re7 Bf6 34. Rxc7 Bxh4 35. d5 Bf6 36. Rh7 Kg6 37. Rxb7 h4 38. Rb8 h3 39. Rg8+ Bg7 40.
d6 h2 41. b3 h1=Q# 0-1

[Event "Early-Titled-Tuesday-Blitz-May-07-2024"]
[Site "Chess.com"]
[Date "2024.05.07"]
[Round "2"]
[White "andrzej"]
[Black "Chesmc"]
[Result "1-0"]
[WhiteElo "2449"]
[BlackElo "2081"]
[TimeControl "180+1"]
[EndTime "8:20:13 PDT"]
[Termination "andrzej won by resignation"]

1. e4 Nf6 2. e5 Nd5 3. d4 d6 4. c4 Nb6 5. f4 dxe5 6. fxe5 Bf5 7.
Nc3 e6 8. Be3 Be7 9. Nf3 Nc6 10.
Qd2 O-O 11. Be2 f6 12. exf6 Bxf6 13. O-O Qe7 14. Rad1 Rad8 15. Qc1 Rd7 16. Kh1 Rfd8 17. c5 Nc8 18. Bb5 Bg4 19. Bxc6 bxc6 20. Ne4 Rf8 21.
Nxf6+ gxf6 22. Bh6 Rfd8 23. Qf4 Bf5 24. Nh4 Bg6 25.
h3 Qf7 26. Qxf6 Qxf6 27. Rxf6 Ne7 28. Rxe6 Nf5 29. Nxf5 Bxf5 30. Rxc6 Rxd4 31. Rxd4 Rxd4 32. Rxc7 Rc4 33. Rg7+ Kh8 34. Rf7 Be6 35. Rf8+ Bg8 36. Rc8 Rc2 37. b4 a5 38. b5 a4 39. c6 a3 40. c7 Rxg2 41. Rxg8+ Rxg8 42. Bf4 Rf8 43. Be5+ Kg8 44. b6 Kf7 45. b7 Ke6 46. c8=Q+ Rxc8 47. bxc8=Q+ Kd5 48. Bg7 Ke4 49. Qc4+ 1-0

[Event "Early-Titled-Tuesday-Blitz-May-07-2024"]
[Site "Chess.com"]
[Date "2024.05.07"]
[Round "2"]
[White "Bykov_Egor"]
[Black "penguingm1"]
[Result "0-1"]
[WhiteElo "2614"]
[BlackElo "2917"]
[TimeControl "180+1"]
[EndTime "8:20:14 PDT"]
[Termination "penguingm1 won by resignation"]

1. d4 d5 2. c4 e6 3. Nf3 Nf6 4. Nc3 Be7 5. Bf4 O-O 6. e3 Nbd7 7. c5 Ne4 8. Nxe4 dxe4 9. Nd2 e5 10. Bg3 exd4 11.
exd4 f5 12. Bc4+ Kh8 13. h3 f4 14. Bh2 e3 15. Ne4 Nf6 16. Ng5 exf2+ 17. Kxf2 Ng4+ 18.
hxg4 Bxg5 19. Bg1 Bh4+ 20. Kf1 f3 21. g3 Bg5 22. Qd3 h6 23. Qg6 Qf6 24. Qe4 f2 25. Bh2 Bd7 26. Bd3 g6 27. Kg2 Rae8 28. Qxg6 Bc6+ 29. Kh3 Qxg6 30. Bxg6 Re2 31. Rhf1 Rxb2 32.
Bd3 Rd2 33. Rad1 Rxa2 34. Bf5 Bb5 35. Kg2 Bxf1+ 36. Rxf1 a5 37. Rb1 a4 38. Kf1 a3 39.
Be6 Rd2 40. Ra1 Ra8 41. Kg2 a2 0-1

[Event "Early-Titled-Tuesday-Blitz-May-07-2024"]
[Site "Chess.com"]
[Date "2024.05.07"]
[Round "2"]
[White "TigrVShlyape"]
[Black "andriipalchuk"]
[Result "1-0"]
[WhiteElo "2934"]
[BlackElo "2618"]
[TimeControl "180+1"]
[EndTime "8:20:16 PDT"]
[Termination "TigrVShlyape won by resignation"]

1. e4 e6 2. d4 d5 3. Nc3 Nf6 4.
e5 Nfd7 5. f4 c5 6. Nf3 Nc6 7. Ne2 Be7 8. c3 f6 9. g3 O-O 10. Bh3 Nb6 11. O-O Qe8 12. b3 Bd7 13.
Be3 cxd4 14. Nexd4 fxe5 15. Bxe6+ Kh8 16. Nxc6 bxc6 17. Bxd7 Nxd7 18. Nxe5 Nf6 19. b4 Ne4 20.
Bd4 Bf6 21. Qd3 Qe6 22. Nf3 Rfe8 23. Bxf6 Qxf6 24. Ne5 Rac8 25. Rae1 Nd6 26. a4 Kg8 27. Kg2 Qf5 28. Qxf5 Nxf5 29. Kf3 Nd6 30. Re3 Ne4 31. Rd1 Nd6 32. g4 Re6 33. Nd7 Rxe3+ 34. Kxe3 Re8+ 35. Ne5 Ne4 36. Kd4 Re6 37. h4 h5 38. g5 g6 39.
c4 Ng3 40. cxd5 Nf5+ 41. Kc5 cxd5 42. Rxd5 Nxh4 43. Rd8+ Kg7 44. Rd7+ Kg8 45. Rxa7 Ng2 46. Nd7 Nxf4 47. Nf6+ Kf8 48. b5 Nd3+ 49. Kc4 Ne5+ 50. Kd5 Nf7 51. Kxe6 1-0

[Event "Early-Titled-Tuesday-Blitz-May-07-2024"]
[Site "Chess.com"]
[Date "2024.05.07"]
[Round "2"]
[White "svilson23"]
[Black "aanshnerurkar"]
[Result "1-0"]
[WhiteElo "2278"]
[BlackElo "2483"]
[TimeControl "180+1"]
[EndTime "8:20:17 PDT"]
[Termination "svilson23 won on time"]

1. d4 Nf6 2. Bg5 Ne4 3. Bf4 c5 4. f3 Nf6 5. dxc5 Na6 6. e4 Nxc5 7. Bc4 g6 8. Ne2 Bg7 9. Nbc3 O-O 10. O-O d6 11.
Kh1 a6 12. a4 b6 13. b4 Ne6 14.
Be3 Bb7 15. Rb1 Rc8 16. Ba2 Qd7 17. Bxb6 Nc7 18. Qd2 Na8 19. Be3 Rfd8 20. Rfd1 Nc7 21. b5 axb5 22. axb5 Ne6 23. Bb6 Rf8 24. Rb4 Nc5 25. Bc4 Qe8 26. Na4 Nxa4 27. Rxa4 Nd7 28.
Bd4 Bxd4 29. Qxd4 Ne5 30. Nc3 Rc5 31. f4 Nd7 32. Bd5 Bxd5 33. Nxd5 Rxc2 34. Nc3 Nc5 35. Nd5 Nxa4 36. Qxa4 Rc8 37. Qa7 Qd8 38. Nxe7+ Kg7 39. Nxc8 Qxc8 40. b6 Qc6 41. b7 Qc7 42. h3 Rb8 43.
Rb1 d5 44. exd5 Qxf4 45. Qa6 Qe4 46. Qa2 Qxd5 47. Qxd5 1-0

[Event "Early-Titled-Tuesday-Blitz-May-07-2024"]
[Site "Chess.com"]
[Date "2024.05.07"]
[Round "2"]
[White "NMChessToImpress"]
[Black "ImportedItalianMaple"]
[Result "0-1"]
[WhiteElo "2257"]
[BlackElo "2495"]
[TimeControl "180+1"]
[EndTime "8:20:17 PDT"]
[Termination "ImportedItalianMaple won on time"]

1. e4 g6 2. d4 Bg7 3. Nc3 d6 4. Be3 a6 5. Nf3 b5 6. Bd3 Bb7 7. Qd2 Nd7 8. a4 b4 9. Ne2 c5 10. c3 a5 11. h3 Ngf6 12. e5 dxe5 13. dxe5 Nd5 14. e6 fxe6 15. Bh6 O-O 16. Bxg7 Kxg7 17.
Ng5 Qb6 18. O-O Ne5 19. c4 Nxd3 20. cxd5 Ne5 21. Nxe6+ Kg8 22. Nxf8 Rxf8 23. Qe3 Qd6 24. b3 Bxd5 25. Rad1 e6 26. Nf4 Nc6 27. Nxd5 exd5 28. Rfe1 Nd4 29. Rxd4 cxd4 30. Qxd4 Rd8 31. Re5 Qc6 32.
Re7 Qc3 33. Qf4 Rf8 34. Qg4 Qf6 35. Qd7 Qxf2+ 36. Kh1 Qf1+ 37. Kh2 Qf4+ 38. Kh1 Rf7 39. Qe8+ Kg7 40. Rxf7+ Qxf7 41. Qe5+ Kh6 42. Qe3+ g5 43. h4 Qh5 0-1

[Event "Early-Titled-Tuesday-Blitz-May-07-2024"]
[Site "Chess.com"]
[Date "2024.05.07"]
[Round "2"]
[White "masnyszachistaaa"]
[Black "JJDAREK"]
[Result "1-0"]
[WhiteElo "2582"]
[BlackElo "2367"]
[TimeControl "180+1"]
[EndTime "8:20:18 PDT"]
[Termination "masnyszachistaaa won on time"]

1. c4 g6 2. d4 Bg7 3. Nc3 d6 4. e4 e5 5. Nge2 Nc6 6. Be3 Nh6 7. d5 Ne7 8. f3 f5 9. Qd2 Nf7 10. h4 h5 11. O-O-O a6 12. c5 Bd7 13. Kb1 O-O 14. Nc1 Kh7 15. Be2 Bh6 16. Bg5 Bxg5 17. hxg5 f4 18. g4 fxg3 19. Nd3 Ng8 20. f4 exf4 21. Qxf4 Qxg5 22. Qf3 Ne5 23. Qg2 Nxd3 24. Rxd3 Rf2 25. Qxg3 Qxg3 26. Rxg3 Nh6 27. Bd3 Bg4 28. e5 dxe5 29.
Ne4 Rf4 30. Bc2 Kg7 31. d6 cxd6 32. Nxd6 Raf8 33. Re1 Rf1 34. Re3 Rxe1+ 35. Rxe1 h4 36. Nxb7 h3 37. c6 h2 38. Be4 Rc8 39. Nd6 Rd8 40. c7 Rxd6 41. Rc1 1-0

[Event "Early-Titled-Tuesday-Blitz-May-07-2024"]
[Site "Chess.com"]
[Date "2024.05.07"]
[Round "2"]
[White "dianamirza"]
[Black "Denisenko_Denis"]
[Result "1-0"]
[WhiteElo "1924"]
[BlackElo "2408"]
[TimeControl "180+1"]
[EndTime "8:20:19 PDT"]
[Termination "dianamirza won by resignation"]

1. e4 e5 2. Nf3 Nf6 3. Nxe5 Nxe4 4. Nf3 d5 5. Nc3 Nf6 6. d4 Bd6 7. Bd3 O-O 8. O-O c6 9. Bg5 Bg4 10. h3 Bh5 11. Bxf6 Qxf6 12. g4 Bg6 13. Bxg6 hxg6 14.
Qd3 Nd7 15. Rae1 Rfe8 16. Re3 Bf4 17. Rxe8+ Rxe8 18. Nh2 b5 19. Ne2 Bd6 20. f4 Re4 21. c3 Nb6 22. f5 g5 23. Nf3 Qe7 24. Nc1 Re3 25. Qd2 Nc4 26. Qf2 Bc7 27. Re1 Qe4 28.
Rxe3 Nxe3 29. Nd2 Qe7 30. Nd3 Nc4 31. Nxc4 bxc4 32. Qe1 Qd6 33. Qe8+ Qf8 34. Qxf8+ Kxf8 35. Ne5 Bxe5 36. dxe5 c5 37. Kf2 d4 38. Ke2 Ke7 39.
Kd2 a5 40. b3 cxb3 41. axb3 dxc3+ 42. Kxc3 Kd7 43. Kc4 Kc6 44. e6 fxe6 45. fxe6 Kd6 46. e7 Kxe7 47. Kxc5 Ke6 48. Kb5 Ke5 49. Kxa5 Kf4 50.
b4 Kg3 51. b5 Kxh3 52. b6 Kxg4 53. b7 Kf3 54. b8=Q g4 55. Qb1 g3 56. Qg1 g5 57. Kb4 g2 58. Kc3 Kg3 59. Kd3 g4 60.
Ke3 Kh3 61. Kf2 g3+ 62. Kf3 1-0

[Event "Early-Titled-Tuesday-Blitz-May-07-2024"]
[Site "Chess.com"]
[Date "2024.05.07"]
[Round "2"]
[White "bazar-wokzal"]
[Black "scarabee43"]
[Result "0-1"]
[WhiteElo "2571"]
[BlackElo "2841"]
[TimeControl "180+1"]
[EndTime "8:20:20 PDT"]
[Termination "scarabee43 won by resignation"]

1. e4 c5 2. c3 d5 3. exd5 Qxd5 4. d4 Nf6 5. Nf3 e6 6. a3 Nc6 7. Be3 cxd4 8. cxd4 Be7 9. Nc3 Qd8 10. Bd3 O-O 11. Qc2 h6 12. O-O b6 13. Qd2 Bb7 14. Bxh6 gxh6 15.
Qxh6 Nxd4 16. Ng5 Nf3+ 17. gxf3 Qxd3 18. Nce4 Bxe4 19. fxe4 Bc5 20. Qxf6 Qd4 21. Qh6 Qg7 22. Qxg7+ Kxg7 23. Kg2 Rad8 24. Rad1 Rg8 25. f4 Kf6 26. Kf3 Ke7 27. h4 Bd4 28. b3 f6 29.
Nh3 Rh8 30. Nf2 Rxh4 31. Rh1 Bxf2 32. Kxf2 Rxf4+ 33. Ke3 Rxd1 34. Rxd1 Rh4 35. Rc1 Rh3+ 36. Kf4 e5+ 37. Kg4 Rxb3 38. Rc7+ Ke6 39. Rxa7 Re3 40.
Ra6 Rxe4+ 41. Kf3 Kf5 42. Rxb6 Rh4 43. Kg3 Rc4 44. Ra6 Rc3+ 45. Kf2 Kg5 46. a4 f5 47. a5 Kf4 48. Ke2 Ra3 49. Ra8 e4 50. a6 Ra2+ 51. Kd1 Ke3 52. a7 f4 53. Kc1 f3 54.
Kb1 Ra6 55. Kc2 f2 0-1